Map: Apotheosis LE

Players

CleverName

  • Race: Zerg Zerg
  • League: Gold
  • Spawn Location: 11:00

Fropez - Winner!

  • Race: Protoss Protoss
  • League: Gold
  • Spawn Location: 5:00

VOD

Have the link to the VOD?

Description

Time

  • Played on: Nov. 10, 2016, 3:42 p.m.
  • Length: 7:26
Show
View Real Time Build Order
Export as new Build Order

CleverName Zerg 

Build Orders: Hatch First 

Get SALT Encoding   

  12  0:00  Drone  
  13  0:11  Drone  
  14  0:21  Overlord  
  14  0:45  Hatchery  
  14  0:46  Drone  
  14  1:02  Drone x3  
  17  1:13  Drone  
  18  1:27  Drone  
  19  1:34  Drone  
  20  1:41  Spawning Pool  
  20  1:46  Drone  
  20  2:02  Drone x2  
  22  2:15  Drone x2  
  24  2:20  Extractor  
  23  2:24  Overlord x2  
  23  2:32  Drone  
  23  2:33  Drone  
  25  2:41  Zergling x4  
  27  2:47  Queen  
  27  2:48  Queen  
  31  2:57  Drone x2  
  33  3:02  Drone x2  
  35  3:11  Spore Crawler  
  34  3:20  Extractor  
  34  3:21  Overlord x2  
  34  3:23  Queen x2  
  37  4:10  Drone x2  
  37  4:12  Lair  
  37  4:26  Evolution Chamber  
  37  4:30  Drone x3  
  37  4:31  Evolution Chamber, Drone x2  
  40  4:33  Metabolic Boost  
  41  4:45  Zergling x2  
  41  4:46  Zergling x12  
  47  4:58  Zerg Melee Weapons Level 1  
  47  5:20  Zergling x2  
  47  5:21  Zergling x8  
  51  5:26  Overlord x3  
  51  5:27  Overlord  
  52  5:36  Extractor  
  52  5:38  Drone  
  52  6:02  Extractor, Zergling x8  
  52  6:03  Zergling x16  
  63  6:06  Hatchery  
  55  6:27  Zergling x2  
  55  6:28  Zergling x6  
Show
View Real Time Build Order
Export as new Build Order

Fropez Protoss - Winner!

Build Orders: 1 Gate Expand 

Get SALT Encoding   

  12  0:01  Probe (Chrono Boost)  
  13  0:12  Probe (Chrono Boost)  
  14  0:20  Pylon  
  14  0:22  Probe (Chrono Boost)  
  15  0:34  Assimilator  
  15  0:39  Probe (Chrono Boost)  
  16  0:45  Gateway  
  16  0:49  Probe (Chrono Boost)  
  17  1:00  Probe (Chrono Boost)  
  18  1:10  Probe (Chrono Boost)  
  19  1:21  Probe (Chrono Boost)  
  20  1:31  Probe (Chrono Boost)  
  21  1:34  Nexus  
  21  1:44  Cybernetics Core  
  21  1:49  Probe (Chrono Boost)  
  21  1:53  Assimilator  
  22  2:03  Probe (Chrono Boost)  
  22  2:06  Pylon  
  23  2:23  Warp Gate (Chrono Boost)  
  23  2:25  Mothership Core (Chrono Boost)  
  23  2:26  Adept (Chrono Boost)  
  27  2:42  Gateway  
  27  2:44  Gateway  
  27  2:46  Probe  
  27  2:47  Probe  
  29  3:08  Pylon  
  29  3:10  Probe  
  30  3:20  Probe  
  30  3:22  Twilight Council  
  31  3:30  Gateway  
  33  3:35  Adept (Chrono Boost)  
  33  3:37  Adept (Chrono Boost)  
  32  3:59  Resonating Glaives (Chrono Boost)  
  32  4:01  Probe  
  33  4:03  Adept  
  35  4:15  Probe  
  36  4:21  Assimilator  
  36  4:22  Assimilator  
  36  4:29  Probe, Gateway  
  36  4:30  Pylon  
  37  4:32  Probe  
  38  4:42  Probe  
  38  4:44  Probe  
  40  4:56  Probe  
  41  5:03  Stalker x3  
  41  5:04  Stalker  
  49  5:13  Pylon  
  48  5:27  Probe  
  49  5:30  Adept  
  49  5:31  Adept x3  
  57  5:38  Probe  
  57  5:40  Probe  
  59  5:50  Probe  
  59  5:53  Pylon  
  60  5:59  Probe  
  60  6:02  Robotics Facility  
  60  6:03  Pylon, Probe  
  58  6:22  Adept x4  
  66  6:35  Forge  
  66  6:40  Pylon  
  66  6:43  Pylon  
  62  7:11  Adept x4  
Tags
 
Add a new tag
Caveats
  • Supply blocks, unpowered buildings, or Contaminate may cause inaccurate times.
  • Supply counts are checked every 10 seconds.